 Dungeon Sprint DCSS version 0.22.1-1-ga44c0e56f4 (webtiles) character file.

98 MuseOD the Sneak (level 4, 0/24 HPs)
             Began as a Spriggan Enchanter on Sept 27, 2018.
             Killed from afar by a deep elf mage (24 damage)
             ... with a lance of force
             ... in the Dungeon (Sprint III: "The Ten Rune Challenge").
             The game lasted 00:01:04 (188 turns).

MuseOD the Sneak (Spriggan Enchanter)                Turns: 188, Time: 00:01:05

Health: 0/24       AC:  2    Str:  4    XL:     4   Next: 43%
Magic:  11/11      EV: 18    Int: 17    God:
Gold:   8          SH:  0    Dex: 16    Spells: 2/11 levels left

rFire    . . .     SeeInvis +   a - +1 dagger
rCold    . . .     Gourm    .   (shield restricted)
rNeg     . . .     Faith    .   b - +0 robe
rPois    .         Spirit   .   (helmet restricted)
rElec    .         Reflect  .   (no cloak)
rCorr    .         Harm     .   (gloves unavailable)
MR       .....     NoTele   +   (boots unavailable)
Stlth    ++++......             (no amulet)
HPRegen  0.08/turn              (no ring)
MPRegen  0.12/turn              (no ring)

@: very quick
A: very small, unfitting armour, see invisible, herbivore, speed 3, slow
metabolism 2
a: no special abilities


You were in the Dungeon.
You were not hungry.

You visited 1 branch You collected 8 gold pieces.

Inventory:

Hand Weapons
 a - a +1 dagger (weapon)
Armour
 b - a +0 robe (worn)
Scrolls
 c - a scroll of amnesia {unknown}
 i - 3 scrolls of immolation {unknown}
 j - a scroll of blinking
 k - 2 scrolls of remove curse
 n - 2 scrolls of identify {unknown}
Potions
 e - a potion of curing
 f - a potion of heal wounds
 g - a potion of haste
 h - 2 potions of magic
 l - 3 potions of flight
 m - 6 potions of mutation
Comestibles
 d - 3 rations


   Skills:
 + Level 3.2 Fighting
 * Level 6.4 Short Blades
 - Level 3.0 Dodging
 + Level 7.9 Stealth
 - Level 4.2 Spellcasting
 - Level 3.6 Hexes


You had 2 spell levels left.
You knew the following spells:

 Your Spells              Type           Power        Failure   Level  Hunger
a - Corona                Hex            ###....      3%          1    None
b - Ensorcelled Hibernat  Hex/Ice        #.....       11%         2    ##.....
c - Confuse               Hex            ###.....     11%         3    ###....
d - Dazzling Spray        Conj/Hex       #.....       22%         3    ###....

Your spell library contained the following spells:

 Spells                   Type           Power        Failure   Level  Hunger
 Tukima's Dance           Hex            ###.....     11%         3    ###....


Dungeon Overview and Level Annotations

Branches:
Dungeon (1/1)

Altars:
Elyvilon
Zin
The Shining One


Innate Abilities, Weirdness & Mutations

You are very small and have problems with some larger weapons.
You are too small for most types of armour.
You have supernaturally acute eyesight. (SInv)
You are a herbivore.
You cover ground extremely quickly.
You need to consume almost no food.


Message History

You can't memorise that many levels of magic yet!
Unknown command.
You open the door.
A water elemental comes into view.
There is an open door to the Ecumenical Temple here.
The helpless water elemental fails to defend itself.
You stick the water elemental like a pincushion!!!
You destroy the water elemental!
Your Fighting skill increases to level 3!
Your Short Blades skill gained 2 levels and is now at level 6!
Your Stealth skill increases to level 7!
You have reached level 4!
There is a fountain of clear blue water here.
You open the door.
A deep elf mage comes into view.
It is wielding a long sword of holy wrath.
Found 2 potions of heal wounds.
Found three altars.
The deep elf mage points at you and mumbles some strange words.
The lance of force hits you!
Ouch! That really hurt!
You die...

▓▓▓▓▓▓ ▓▓▓ .'...♣♣♣♣
♣.##### .#......♣
♣♣.#___# ##......♣
♣..#e..#
.#....≈♣♣♣♣..###@#+###+##
†#...≈≈......#..........#
.#..≈≈≈≈.♣.♣.'.⌠........#
'#..≈≈≈≈≈≈.♣.#...######+#
.#.≈≈≈≈≈≈....#.⌠.#
.#.≈≈≈≈≈.....#...#
.#.≈≈≈....†..#+###
##...........#
.............#


You could see a deep elf mage.

Vanquished Creatures
  A water elemental (D)
  A human (D)
  A wolf (D)
  4 rats (D)
7 creatures vanquished.

Vanquished Creatures (others)
  A yaktaur (D)
1 creature vanquished.

Grand Total: 8 creatures vanquished

Notes
Turn   | Place    | Note
-------+----------+-------------------------------------------
     0 | D        | MuseOD the Spriggan Enchanter began the quest for the Orb.
     0 | D        | Reached XP level 1. HP: 9/9 MP: 5/5
    60 | D        | Killed a yaktaur
   124 | D        | Noticed a wolf
   130 | D        | Reached skill level 1 in Fighting
   130 | D        | Reached skill level 5 in Stealth
   130 | D        | Reached XP level 2. HP: 14/14 MP: 5/7
   134 | D        | Reached skill level 6 in Stealth
   134 | D        | Reached XP level 3. HP: 18/18 MP: 5/9
   171 | D        | Learned a level 2 spell: Ensorcelled Hibernation
   175 | D        | Learned a level 3 spell: Confuse
   179 | D        | Learned a level 3 spell: Dazzling Spray
   180 | D        | Noticed a water elemental
   183 | D        | Killed a water elemental
   183 | D        | Reached skill level 7 in Stealth
   183 | D        | Reached XP level 4. HP: 24/24 MP: 11/11
   187 | D        | Found a glowing silver altar of Zin.
   187 | D        | Found a glowing golden altar of the Shining One.
   187 | D        | Found a white marble altar of Elyvilon.
   187 | D        | Noticed a deep elf mage
   188 | D        | Killed from afar by a deep elf mage

Skill      XL: |  1  2  3 |
---------------+----------+-----
Short Blades   | 3 4 6 |  6.4
Spellcasting   | 3 4 |  4.2
Fighting       | 1 2 3 |  3.2
Stealth        | 5 6 7 |  7.9
Dodging        | |  3.0
Hexes          | |  3.6

Action                   |  1- 3 |  4- 6 || total
-------------------------+-------+-------++-------
Melee: Dagger            |    17 |       ||    17
  Use: Potion            |     1 |       ||     1
 Stab: Sleeping          |     5 |       ||     5
Dodge: Dodged            |     9 |       ||     9
